 Dungeon Crawl Stone Soup version 0.23.0 (webtiles) character file.

Game seed: 6747503558079987091

35 Dantiko the Firebug (level 3, -6/19 HPs)
             Began as a Tengu Fire Elementalist on Feb 14, 2019.
             Mangled by a worm (7 damage)
             ... on level 2 of the Dungeon.
             The game lasted 00:03:12 (1261 turns).

Dantiko the Firebug (Tengu Fire Elementalist)       Turns: 1261, Time: 00:03:13

Health: -6/19      AC:  3    Str:  8    XL:     3   Next: 33%
Magic:  0/7        EV: 12    Int: 16    God:
Gold:   138        SH:  0    Dex: 14    Spells: 5/6 levels left

rFire    . . .     SeeInvis .   b - +0 dagger
rCold    . . .     Gourm    .   (no shield)
rNeg     . . .     Faith    .   e - +0 leather armour
rPois    .         Spirit   .   (helmet restricted)
rElec    .         Reflect  .   (no cloak)
rCorr    .         Harm     .   (no gloves)
MR       .....                  (boots unavailable)
Stlth    ++........             (no amulet)
HPRegen  0.06/turn              (no ring)
MPRegen  0.10/turn              (no ring)

@: very slightly contaminated
A: beak, talons 3
a: no special abilities


You were on level 2 of the Dungeon.
You were hungry.

You visited 1 branch of the dungeon, and saw 2 of its levels.

You collected 138 gold pieces.

Inventory:

Hand Weapons
 b - a +0 dagger (weapon)
Armour
 e - a +0 leather armour (worn)
Potions
 i - a potion of agility {unknown}
Comestibles
 c - 4 rations
 d - 5 chunks of flesh


   Skills:
 - Level 2.1 Dodging
 - Level 2.0 Stealth
 - Level 2.0 Spellcasting
 + Level 3.3 Conjurations
 - Level 4.0 Fire Magic


You had 5 spell levels left.
You knew the following spells:

 Your Spells              Type           Power        Failure   Level  Hunger
a - Flame Tongue          Conj/Fire      ##...        7%          1    #......

Your spell library contained the following spells:

 Spells                   Type           Power        Failure   Level  Hunger
 Throw Flame              Conj/Fire      ##....       10%         2    ###....
 Conjure Flame            Conj/Fire      ##......     21%         3    ###....
 Inner Flame              Hex/Fire       #.......     36%         3    ###....
 Sticky Flame             Conj/Fire      ##......     54%         4    #####..
 Fireball                 Conj/Fire      ##........   88%         5    ######.


Dungeon Overview and Level Annotations

Branches:
Dungeon (2/15)

Altars:


Innate Abilities, Weirdness & Mutations

You have a beak for a mouth.
You have claws for feet.


Message History

The worm is almost dead.
The worm bites you!
* * * LOW HITPOINT WARNING * * *
Casting: Flame Tongue (safe; 7% risk of failure)
Confirm with . or Enter, or press ? or * to list all spells.
Aiming: Flame Tongue (safe; 7% risk of failure)
Press: ? - help, Shift-Dir - straight line, f/p - worm
Aim: a worm (almost dead)
The flame tongue hits the worm but does no damage.
The worm is almost dead.
You are feeling hungry.
Casting: Flame Tongue (safe; 7% risk of failure)
Confirm with . or Enter, or press ? or * to list all spells.
Aiming: Flame Tongue (safe; 7% risk of failure)
Press: ? - help, Shift-Dir - straight line, f/p - worm
Aim: a worm (almost dead)
You miscast Flame Tongue.
You are very lightly contaminated with residual magic.
Sparks fly from your hands! The worm bites you!
You die...

#.###..............##
#.# #....###.......#
#.###.##.# #.###.#.#
#.....#.#...## ..#..#
#...#.#.##.# .##.#
##..#.#.# ## #..##..
#..#.## #.#@[.#
#.##w## ... #.. #..
#..# #.# #.# #. #..
#. ... ##


You could see a worm.

Vanquished Creatures
  2 adders (D:2)
  2 bats (D:1)
  2 giant cockroaches (D:2)
  2 goblins (D:1)
  3 hobgoblins
  A ball python (D:1)
  A frilled lizard (D:2)
  2 kobolds (D:2)
  2 rats (D:2)
17 creatures vanquished.

Vanquished Creatures (others)
  A plant (D:1)
1 creature vanquished.

Grand Total: 18 creatures vanquished

Notes
Turn   | Place    | Note
-------+----------+-------------------------------------------
     0 | D:1      | Dantiko the Tengu Fire Elementalist began the quest for the
                  | Orb.
     0 | D:1      | Reached XP level 1. HP: 10/10 MP: 4/4
   562 | D:1      | Reached XP level 2. HP: 15/15 MP: 3/6
  1034 | D:2      | Reached skill level 4 in Fire Magic
  1051 | D:2      | Reached XP level 3. HP: 5/19 MP: 0/7
  1261 | D:2      | Mangled by a worm

Skill      XL: |  1  2 |
---------------+-------+-----
Conjurations   | 2 3 |  3.3
Fire Magic     | 4 |  4.0
Dodging        | |  2.1
Stealth        | |  2.0
Spellcasting   | |  2.0

Action                   || total
-------------------------++-------
Melee: Dagger            ||    31
       Kick              ||     3
 Cast: Flame Tongue      ||    24
  Use: Scroll            ||     2
       Potion            ||     2
  Eat: Chunk             ||     1
Armor: Leather armour    ||     5
Dodge: Dodged            ||    19
